[Event "ICC tourney 1910 (25 10)"]
[Site "Internet Chess Club"]
[Date "2020.07.11"]
[Round "1"]
[White "mancogu"]
[Black "alanwangmd"]
[Result "0-1"]
[ICCResult "White resigns"]
[WhiteElo "1274"]
[BlackElo "1381"]
[Opening "Sicilian: Hungarian variation"]
[ECO "B27"]
[NIC "SI.43"]
[Time "12:03:46"]
[TimeControl "1500+10"]

1. e4 c5 2. Nf3 g6 3. d4 cxd4 4. Nxd4 Bg7 5. Be3 d6 6. Nc3 Bd7 7. f3 Nc6 8.
Qd2 a6 9. O-O-O Rc8 10. Be2 Qc7 11. h4 h5 12. Kb1 Nf6 13. Rhg1 Ne5 14. a3
Nc4 15. Bxc4 Qxc4 16. Nb3 Qc7 17. Bd4 a5 18. Rge1 a4 19. Nc1 b5 20. N1a2 O-O
21. Nb4 Qc4 22. Qd3 Qxd3 23. Rxd3 Rc4 24. Red1 Rfc8 25. R3d2 Be6 26. Ne2 Bh6
27. Rd3 Nd7 28. f4 Bg4 29. Nc3 Bxd1 30. Rxd1 Kf8 31. Nxb5 Bxf4 32. Nc3 Bg3
33. Nxa4 Bxh4 34. Nc3 Bf6 35. Bxf6 Nxf6 36. Re1 e5 37. Nbd5 Nxd5 38. Nxd5
Rxc2 39. Rg1 Re2 40. Nc3 Re3 41. g4 hxg4 42. Rxg4 Rc4 43. Kc2 d5 44. Kd2 Rh3
45. Rg5 Rd4+ 46. Kc2 dxe4 47. Rxe5 f5 48. a4 Rh7 49. a5 Ra7 50. Nb5 Rxa5 51.
b4 Rxb4 52. Kc3 Rbxb5 {White resigns} 0-1

[Event "ICC tourney 1910 (25 10)"]
[Site "Internet Chess Club"]
[Date "2020.07.11"]
[Round "1"]
[White "BotanicalKnight"]
[Black "LChessMaster"]
[Result "0-1"]
[ICCResult "White checkmated"]
[WhiteElo "1538"]
[BlackElo "1595"]
[Opening "Sicilian: Grand Prix attack"]
[ECO "B23"]
[NIC "SI.44"]
[Time "12:03:42"]
[TimeControl "1500+10"]

1. e4 c5 2. Nc3 Nc6 3. f4 e6 4. Nf3 d5 5. e5 a6 6. d3 Nge7 7. g3 b5 8. a3
Bb7 9. Bg2 Qc7 10. O-O Nc8 11. Bd2 Nb6 12. Rc1 Rd8 13. g4 c4 14. d4 b4 15.
axb4 Bxb4 16. Ne2 O-O 17. c3 Be7 18. f5 f6 19. exf6 Bxf6 20. g5 Be7 21. fxe6
Bc8 22. Bh3 Bd6 23. Qe1 Rde8 24. Qh4 Bxe6 25. Rce1 Bxh3 26. Qxh3 Na4 27. Bc1
Qb7 28. g6 h6 29. Bxh6 gxh6 30. Qxh6 Qg7 31. Qg5 Nb6 32. Ne5 Nxe5 33. Rxf8+
Bxf8 34. dxe5 Qxe5 35. Qxe5 Rxe5 36. Kf1 a5 37. Nd4 Rxe1+ 38. Kxe1 Na4 39.
Nc6 Nxb2 40. Nxa5 d4 41. Nxc4 Nxc4 42. cxd4 Kg7 43. Ke2 Kxg6 44. Kd3 Nd6 45.
Ke3 Kg5 46. h4+ Kxh4 47. Kf4 Bg7 48. d5 Bf6 49. Ke3 Kg4 50. Kd3 Kf4 51. Ke2
Ke4 52. Kd2 Kxd5 53. Ke3 Bg5+ 54. Kd3 Nf5 55. Kc3 Bf4 56. Kd3 Ng3 57. Kc3
Ne4+ 58. Kd3 Ng3 59. Kc3 Ke4 60. Kc4 Be3 61. Kb5 Kd5 62. Kb4 Ne2 63. Kb5 Bc5
64. Ka4 Kc4 65. Ka5 Nd4 66. Ka6 Nb5 67. Kb7 Nd6+ 68. Kc6 Nb5 69. Kd7 Kd5 70.
Ke8 Ke6 71. Kd8 Kd6 72. Ke8 Nc7+ 73. Kf7 Ke5 74. Kg6 Kf4 75. Kf6 Bd6 76. Kg6
Be7 77. Kf7 Bd8 78. Kg6 Kg4 79. Kf7 Kf5 80. Kg7 Bg5 81. Kf7 Bf6 82. Kg8 Kg6
83. Kf8 Bg5 84. Kg8 Bh6 85. Kh8 Nd5 86. Kg8 Nf6+ 87. Kh8 Bg7# {White
checkmated} 0-1

[Event "ICC tourney 1910 (25 10)"]
[Site "Internet Chess Club"]
[Date "2020.07.11"]
[Round "1"]
[White "Deveshc"]
[Black "jvinamra"]
[Result "1-0"]
[ICCResult "Black checkmated"]
[WhiteElo "1513"]
[BlackElo "1394"]
[Opening "Caro-Kann: exchange variation"]
[ECO "B13"]
[NIC "CK.02"]
[Time "12:03:46"]
[TimeControl "1500+10"]

1. e4 c6 2. d4 d5 3. exd5 cxd5 4. Bd3 Nc6 5. c3 Nf6 6. h3 h6 7. Nf3 e6 8.
Bf4 Qb6 9. Qc2 Be7 10. Nbd2 O-O 11. O-O Bd7 12. Nb3 Nh5 13. Ne5 Rad8 14.
Nxc6 Qxc6 15. Be5 Qb6 16. a4 a5 17. Rfe1 Bd6 18. Bxd6 Qxd6 19. Nxa5 Qb6 20.
Nb3 Ra8 21. Nc5 Bc6 22. b4 Nf4 23. Qd2 Nxd3 24. Qxd3 Qc7 25. a5 b6 26. axb6
Qxb6 27. Qg3 Qb5 28. Qd6 Rfc8 29. Qg3 Qc4 30. Rxa8 Rxa8 31. Re3 Ra1+ 32. Kh2
Qf1 33. Qb8+ Kh7 34. Kg3 Ra2 35. Qf4 Ra7 36. Rf3 Qb1 37. Qd6 Qg6+ 38. Kh2
Bb5 39. Rg3 Qc2 40. Qe5 f6 41. Qf4 Ra1 42. Nxe6 Ra8 43. Rxg7+ Kh8 44. Qxh6+
Qh7 45. Qxh7# {Black checkmated} 1-0

[Event "ICC tourney 1910 (25 10)"]
[Site "Internet Chess Club"]
[Date "2020.07.11"]
[Round "1"]
[White "twrchess"]
[Black "thihansa"]
[Result "0-1"]
[ICCResult "White resigns"]
[WhiteElo "1253"]
[BlackElo "1289"]
[Opening "QGD: classical variation (5.Bf4)"]
[ECO "A17"]
[NIC "EO.64"]
[Time "12:04:04"]
[TimeControl "1500+10"]

1. c4 e6 2. Nc3 Nf6 3. Nf3 Be7 4. d4 d5 5. Bf4 c6 6. e3 Nbd7 7. Qc2 b6 8.
Bd3 Bb7 9. O-O O-O 10. a3 c5 11. Nb5 a6 12. Nc3 Rc8 13. Qa4 dxc4 14. Be2 b5
15. Qc2 cxd4 16. exd4 Nb6 17. Ne5 Bd6 18. Rad1 Nfd5 19. Bd2 Qe7 20. Bf3 h6
21. Rfe1 Rfd8 22. Ne4 Nd7 23. Nxd6 Qxd6 24. Qc1 Qf8 25. Be4 N7f6 26. Bf3 Nd7
27. Bh5 Nxe5 28. Rxe5 Nf6 29. Bc3 Rd5 30. Qf4 Nxh5 31. Qe3 Nf6 32. h3 Qd6
33. Rxd5 Qxd5 34. f3 Qd6 35. Qd2 Nd5 36. Qf2 Nxc3 37. bxc3 Bd5 38. Ra1 e5
39. a4 exd4 40. cxd4 Bc6 41. axb5 Bxb5 42. g3 Rd8 43. Rd1 Qb6 44. Qd2 Bc6
45. Kf2 a5 46. Kg2 a4 47. Ra1 Qxd4 48. Qxd4 Rxd4 49. Rxa4 Bxa4 50. Kf2 c3
{White resigns}
0-1

[Event "ICC tourney 1910 (25 10)"]
[Site "Internet Chess Club"]
[Date "2020.07.11"]
[Round "2"]
[White "KingRayfish"]
[Black "stephenwilly"]
[Result "1/2-1/2"]
[ICCResult "Game drawn by repetition"]
[WhiteElo "1434"]
[BlackElo "1501"]
[Opening "Giuoco Pianissimo: Canal variation"]
[ECO "C50"]
[NIC "IG.02"]
[Time "13:44:48"]
[TimeControl "1500+10"]

1. e4 e5 2. Nf3 Nc6 3. Bc4 Bc5 4. d3 Nf6 5. Nc3 d6 6. Bg5 h6 7. Bh4 Bg4 8.
h3 Bh5 9. Bg3 Qd7 10. Ne2 a6 11. c3 O-O 12. Qd2 b5 13. Bb3 b4 14. d4 exd4
15. cxd4 Nxe4 16. Qd3 Nxg3 17. Nxg3 Bxf3 18. dxc5 Bxg2 19. Rg1 Qxh3 20. Bc2
Rfe8+ 21. Kd2 g6 22. Bb3 Ne5 23. Qc2 Nf3+ 24. Kc1 Nxg1 25. Qxg6+ Kh8 26.
Qf6+ Kh7 27. Qxf7+ Kh8 28. Qf6+ Kh7 29. Qf7+ Kh8 30. Qf6+ Kh7 31. Qf7+ Kh8
32. Qf6+ Kh7 33. Qf7+ Kh8 34. Qf6+ Kh7 35. Qf7+ Kh8 36. Qf6+ Kh7 37. Qf7+
Kh8 38. Qf6+ Kh7 {Game drawn by repetition} 1/2-1/2

[Event "ICC tourney 1910 (25 10)"]
[Site "Internet Chess Club"]
[Date "2020.07.11"]
[Round "2"]
[White "GIML"]
[Black "BotanicalKnight"]
[Result "0-1"]
[ICCResult "White checkmated"]
[WhiteElo "1313"]
[BlackElo "1540"]
[Opening "Caro-Kann: Tartakower (fantasy) variation"]
[ECO "B12"]
[NIC "CK.02"]
[Time "13:44:49"]
[TimeControl "1500+10"]

1. e4 c6 2. d4 d5 3. f3 e6 4. Nc3 Nf6 5. Be3 Be7 6. Qd2 Qa5 7. Nge2 O-O 8.
O-O-O b5 9. e5 Nfd7 10. g4 b4 11. Kb1 bxc3 12. Qxc3 Qxc3 13. bxc3 c5 14. h4
Ba6 15. g5 Bxe2 16. Bxe2 c4 17. h5 Nc6 18. g6 fxg6 19. hxg6 hxg6 20. Rdg1
Kf7 21. Rh7 Rh8 22. Rxh8 Rxh8 23. f4 Rb8+ 24. Kc1 Ba3+ 25. Kd1 Rb1+ 26. Kd2
Rxg1 27. Bxg1 Nb6 28. Bg4 Na4 29. Bf2 Bb2 30. Be1 Bxc3+ 31. Ke2 Bxe1 32.
Kxe1 Nxd4 33. Kd2 Nf5 34. a3 Ke7 35. c3 Kd7 36. Kc2 Kc6 37. Kd2 Kc5 38. Kc2
Ne3+ 39. Kd2 Nxg4 40. Ke2 Nh6 41. Ke3 Nf5+ 42. Kd2 d4 43. cxd4+ Kxd4 44. Ke2
Kc3 45. Kd1 Kb2 46. Kd2 c3+ 47. Kd1 c2+ 48. Ke1 Nc5 49. Ke2 c1=Q 50. Kf2 Qc3
51. a4 Nxa4 52. Ke2 Kb3 53. Kf2 Kc4 54. Ke2 Nc5 55. Kf2 a5 56. Ke2 a4 57.
Kf2 a3 58. Ke2 a2 59. Kf2 Ne7 60. Ke2 a1=Q 61. f5 Qa2+ 62. Kd1 Qca1#
{White checkmated}
0-1

[Event "ICC tourney 1910 (25 10)"]
[Site "Internet Chess Club"]
[Date "2020.07.11"]
[Round "2"]
[White "bpchoppara"]
[Black "AndreiM"]
[Result "1-0"]
[ICCResult "Black resigns"]
[WhiteElo "1369"]
[BlackElo "1313"]
[Opening "Queen's pawn game"]
[ECO "A50"]
[NIC "QP.07"]
[Time "13:44:59"]
[TimeControl "1500+10"]

1. d4 Nf6 2. c4 c6 3. Nc3 d5 4. cxd5 Nxd5 5. e3 Nxc3 6. bxc3 Bf5 7. Bd3 Bxd3
8. Qxd3 e6 9. Ne2 Be7 10. O-O Nd7 11. Rb1 Qc7 12. Ng3 h5 13. Ne2 h4 14. Bd2
h3 15. g3 g5 16. Qe4 Qd6 17. Bc1 f5 18. Qh1 g4 19. Rxb7 Nb6 20. c4 Nxc4 21.
Rb3 a5 22. Rc3 Qd5 23. Qxd5 cxd5 24. Nf4 Kf7 25. Re1 Bb4 26. Rxc4 dxc4 27.
Re2 c3 28. Rc2 Rhc8 29. Nd3 Rab8 30. a3 Bd6 31. Kf1 Rb1 32. Ke2 Rb3 33. Ne5+
Ke8 34. Kd3 Bxa3 35. Bxa3 Rxa3 36. Nc4 Ra4 37. Nb6 Rb4 38. Nxc8 Kd7 39. Rxc3
a4 40. Na7 Rb7 41. Nc6 a3 42. Ne5+ Kd6 43. Rxa3 Rb2 44. Nc4+ {Black resigns}
1-0

[Event "ICC tourney 1910 (25 10)"]
[Site "Internet Chess Club"]
[Date "2020.07.11"]
[Round "2"]
[White "ab4gm"]
[Black "jvihaan"]
[Result "0-1"]
[ICCResult "White checkmated"]
[WhiteElo "1197"]
[BlackElo "1256"]
[Opening "Two knights defense"]
[ECO "C59"]
[NIC "KP.01"]
[Time "13:44:51"]
[TimeControl "1500+10"]

1. e4 e5 2. Nf3 Nc6 3. Bc4 Nf6 4. Ng5 d5 5. exd5 Na5 6. Bb5+ c6 7. dxc6 bxc6
8. Be2 h6 9. Nf3 e4 10. Ng1 Bc5 11. d3 exd3 12. Qxd3 Qb6 13. Nf3 Bxf2+ 14.
Kf1 Be6 15. Nc3 Bc4 16. Qd2 Bc5 17. Bxc4 Nxc4 18. Qe2+ Ne3+ 19. Bxe3 Bxe3
20. Nd1 O-O 21. Qxe3 Qb5+ 22. Qe2 Qxe2+ 23. Kxe2 Rfe8+ 24. Kf2 Ne4+ 25. Kf1
Rad8 26. Nc3 Nxc3 27. bxc3 Re3 28. Kf2 Rxc3 29. Rhc1 Rb8 30. Nd4 c5 31. Nb3
c4 32. Nd4 Ra3 33. c3 Rb2+ 34. Rc2 Rxc2+ 35. Nxc2 Rxc3 36. Ne3 Kf8 37. Rb1
a5 38. Rb5 Ra3 39. Nxc4 Rxa2+ 40. Kf1 a4 41. Ra5 Ke7 42. Nb6 a3 43. Nc4 Ra1+
44. Kf2 a2 45. Nd2 Kd6 46. Nb3 Rb1 47. Rxa2 Rxb3 48. Ra6+ Ke7 49. Ra7+ Kf6
50. Ra4 g5 51. Ra6+ Kf5 52. h3 f6 53. g4+ Ke5 54. Ra8 Rxh3 55. Rh8 Rh4 56.
Kg3 Ke4 57. Re8+ Kd5 58. Rd8+ Ke6 59. Re8+ Kf7 60. Ra8 h5 61. Ra7+ Kg6 62.
gxh5+ Rxh5 63. Ra8 Rh7 64. Rg8+ Rg7 65. Ra8 f5 66. Ra6+ Kh5 67. Ra5 f4+ 68.
Kf3 Re7 69. Ra3 Rf7 70. Ra5 Kh4 71. Ra1 g4+ 72. Kg2 f3+ 73. Kf2 g3+ 74. Kg1
f2+ 75. Kg2 Kg4 76. Ra4+ Rf4 77. Ra1 f1=Q+ 78. Rxf1 Rxf1 79. Kxf1 Kf3 80.
Kg1 g2 81. Kh2 Kf2 82. Kh3 g1=Q 83. Kh4 Qg6 84. Kh3 Qg3# {White checkmated}
0-1

[Event "ICC tourney 1910 (25 10)"]
[Site "Internet Chess Club"]
[Date "2020.07.11"]
[Round "2"]
[White "LChessMaster"]
[Black "jesse3chess"]
[Result "1-0"]
[ICCResult "Black resigns"]
[WhiteElo "1610"]
[BlackElo "1392"]
[Opening "French: advance, Paulsen attack"]
[ECO "C02"]
[NIC "FR.03"]
[Time "13:45:00"]
[TimeControl "1500+10"]

1. e4 e6 2. d4 d5 3. e5 c5 4. c3 Nc6 5. Nf3 Qb6 6. a3 Nge7 7. b4 cxd4 8.
cxd4 Nf5 9. Bb2 Bd7 10. Be2 a6 11. O-O Be7 12. h3 O-O 13. Bd3 Nh4 14. Nxh4
Bxh4 15. Qh5 g6 16. Qxh4 Rac8 17. Nd2 Na7 18. Nb3 Bb5 19. Bxb5 Nxb5 20. Nc5
Qc7 21. Rfc1 Qd8 22. Qxd8 Rfxd8 23. Nxb7 Re8 24. Rxc8 Rxc8 25. Nc5 Ra8 26.
a4 Nc7 27. Rc1 Ne8 28. Nd7 Kg7 29. Rc6 {Black resigns} 1-0

[Event "ICC tourney 1910 (25 10)"]
[Site "Internet Chess Club"]
[Date "2020.07.11"]
[Round "2"]
[White "alanwangmd"]
[Black "MonkeyTown"]
[Result "1-0"]
[ICCResult "Black resigns"]
[WhiteElo "1411"]
[BlackElo "1442"]
[Opening "French: advance, Paulsen attack"]
[ECO "C02"]
[NIC "FR.03"]
[Time "13:44:52"]
[TimeControl "1500+10"]

1. e4 e6 2. d4 d5 3. e5 c5 4. c3 Nc6 5. Nf3 Qb6 6. b3 Bd7 7. Be3 cxd4 8.
Nxd4 Nxd4 9. Bxd4 Bc5 10. Bxc5 Qxc5 11. Qd4 Qc7 12. Nd2 Ne7 13. c4 Nc6 14.
Qc3 Qxe5+ 15. Qxe5 Nxe5 16. cxd5 exd5 17. Be2 O-O 18. O-O Rfe8 19. Rfe1 Rac8
20. Nf3 Nxf3+ 21. Bxf3 Rxe1+ 22. Rxe1 Be6 23. h3 Rc2 24. Bxd5 Kf8 25. Bxe6
fxe6 26. a4 Ke7 27. Re3 Rc1+ 28. Kh2 Rc2 29. Kg3 Rc5 30. f4 a6 31. Kf3 b6
32. g4 Rc1 33. f5 Rc6 34. Kg3 Kf6 35. fxe6 Rxe6 36. Rxe6+ Kxe6 37. Kf4 Kf6
38. Ke4 Ke6 39. Kd4 Kd6 40. Kc4 Kc6 41. b4 b5+ 42. axb5+ axb5+ 43. Kd4 Kd6
44. Ke4 Ke6 45. h4 g6 46. g5 Kd6 47. Kd4 {Black resigns} 1-0

[Event "ICC tourney 1910 (25 10)"]
[Site "Internet Chess Club"]
[Date "2020.07.11"]
[Round "2"]
[White "oxdidi"]
[Black "srirammarni"]
[Result "0-1"]
[ICCResult "White resigns"]
[WhiteElo "1232"]
[BlackElo "1408"]
[Opening "Giuoco Piano"]
[ECO "C54"]
[NIC "IG.02"]
[Time "13:44:52"]
[TimeControl "1500+10"]

1. e4 e5 2. Nf3 Nc6 3. Bc4 Bc5 4. c3 Nf6 5. d3 O-O 6. Nbd2 d6 7. h3 d5 8.
exd5 Nxd5 9. Bb3 Bf5 10. Bc2 Nf4 11. Nf1 Bxd3 12. Bxd3 Nxd3+ 13. Ke2 Nf4+
14. Bxf4 Qxd1+ 15. Rxd1 exf4 16. a4 Rfe8+ 17. Kd2 Rad8+ 18. Kc2 Rxd1 19.
Kxd1 Bxf2 20. N1d2 Rd8 21. Ke2 Be3 22. Rd1 h5 23. g3 fxg3 24. Kxe3 Re8+ 25.
Kd3 Ne5+ 26. Nxe5 Rxe5 27. Rg1 h4 28. Nf3 Rh5 29. Ke4 f5+ 30. Ke5 g6 31. Ke6
Kg7 32. Kd7 Kf6 33. Kxc7 Rh7+ 34. Kd6 f4 35. Kd5 Kf5 36. Nd4+ Kg5 37. Nf3+
Kf6 38. Kd6 Re7 39. Nxh4 Rh7 40. Nf3 Rxh3 41. Kc7 g5 42. Kxb7 g4 43. Nd4 f3
44. c4 f2 45. Rf1 Ke5 46. c5 g2 47. Rxf2 g1=Q 48. Nc6+ Kd5 49. Rf5+ Kc4 50.
Na5+ Kb4 51. Nc6+ Kxa4 52. b3+ Kxb3 53. Na5+ Kb4 54. Nc6+ Kb5 55. Nxa7+
{White resigns}
0-1

[Event "ICC tourney 1910 (25 10)"]
[Site "Internet Chess Club"]
[Date "2020.07.11"]
[Round "2"]
[White "thihansa"]
[Black "Chesschamp27"]
[Result "0-1"]
[ICCResult "White checkmated"]
[WhiteElo "1278"]
[BlackElo "1535"]
[Opening "Giuoco Piano"]
[ECO "C54"]
[NIC "IG.02"]
[Time "13:44:58"]
[TimeControl "1500+10"]

1. e4 e5 2. Nf3 Nc6 3. Bc4 Bc5 4. c3 Nf6 5. d3 d6 6. Bb3 Bg4 7. Nbd2 Qd7 8.
O-O a6 9. Re1 O-O-O 10. Nf1 h5 11. Be3 Bxe3 12. Nxe3 Rh7 13. Nd5 Nxd5 14.
Bxd5 Ne7 15. Bb3 Ng6 16. h3 Bxf3 17. Qxf3 f6 18. Qf5 Qxf5 19. exf5 Nf4 20.
Rad1 g6 21. fxg6 Nxg6 22. d4 c6 23. dxe5 fxe5 24. Rd2 Nf4 25. Kh2 h4 26. Bc2
Rg7 27. Bf5+ Kc7 28. Bg4 Rh8 29. c4 c5 30. Red1 Rh6 31. b3 Nh5 32. Kg1 Nf6
33. f3 Nxg4 34. hxg4 Rg5 35. Kf2 Rf6 36. Re2 Rxg4 37. Rh1 Rgf4 38. Re4 Rxe4
39. Kg1 Re1+ 40. Kh2 Rxh1+ 41. Kxh1 h3 42. Kh2 hxg2 43. Kxg2 Kb6 44. Kg3 Ka5
45. Kf2 e4 46. a3 Rxf3+ 47. Ke2 Rxb3 48. Kd2 Rxa3 49. Kc2 e3 50. Kd1 Ra2 51.
Ke1 Kb4 52. Kd1 e2+ 53. Ke1 Kxc4 54. Kf2 Kd3 55. Ke1 Ra1+ 56. Kf2 e1=Q+ 57.
Kf3 Qe3+ 58. Kg4 Rg1+ 59. Kf5 Rf1+ 60. Kg4 Rf4+ 61. Kg5 Qg3+ 62. Kh6 Rh4#
{White checkmated}
0-1

[Event "ICC tourney 1910 (25 10)"]
[Site "Internet Chess Club"]
[Date "2020.07.11"]
[Round "2"]
[White "MadiChesskid"]
[Black "SunnyCountry"]
[Result "1-0"]
[ICCResult "Black checkmated"]
[WhiteElo "1431"]
[BlackElo "1257"]
[Opening "QGD: Orthodox defense, Botvinnik variation"]
[ECO "D60"]
[NIC "QO.12"]
[Time "13:45:22"]
[TimeControl "1500+10"]

1. Nf3 d5 2. d4 Nf6 3. c4 e6 4. Bg5 Nbd7 5. Nc3 Be7 6. e3 O-O 7. Bd3 b6 8.
O-O Bb7 9. Qc2 h6 10. Bf4 c5 11. Rfe1 Qc8 12. cxd5 Nxd5 13. Nxd5 Bxd5 14. e4
Bb7 15. d5 exd5 16. exd5 Bf6 17. d6 Bxf3 18. gxf3 Re8 19. Bf5 Qd8 20. Qa4
Nf8 21. d7 Rxe1+ 22. Rxe1 Nxd7 23. Bxd7 Qf8 24. Qc6 Rd8 25. Bd6 Qxd6 26.
Qxd6 Kh7 27. Re8 Rxe8 28. Bxe8 Bxb2 29. Qd3+ Kg8 30. Qc4 Kh7 31. Qxf7 a6 32.
Bd7 b5 33. Bf5+ Kh8 34. Qf8# {Black checkmated} 1-0

[Event "ICC tourney 1910 (25 10)"]
[Site "Internet Chess Club"]
[Date "2020.07.11"]
[Round "2"]
[White "Clavier385"]
[Black "tasawyer81"]
[Result "1-0"]
[ICCResult "Black resigns"]
[WhiteElo "1380"]
[BlackElo "1169"]
[Opening "Pirc defense"]
[ECO "B07"]
[NIC "PU.08"]
[Time "13:44:48"]
[TimeControl "1500+10"]

1. e4 d6 2. d4 Nf6 3. Bd3 Nbd7 4. b3 e5 5. d5 c6 6. c4 Be7 7. Ne2 O-O 8. Ng3
Nc5 9. O-O cxd5 10. exd5 e4 11. Be2 Bd7 12. Bb2 Qc7 13. Nc3 Nd3 14. Bxd3
exd3 15. Qxd3 Rfe8 16. Rfe1 Ng4 17. Nf5 Bf6 18. Ne3 Ne5 19. Qc2 Ng4 20. Nxg4
Bxg4 21. h3 Bh5 22. Nb5 Qd7 23. Bxf6 gxf6 24. Nd4 Bg6 25. Qc3 Kg7 26. Qg3
Re5 27. Nf3 Re4 28. Rxe4 {Black resigns} 1-0

[Event "ICC tourney 1910 (25 10)"]
[Site "Internet Chess Club"]
[Date "2020.07.11"]
[Round "2"]
[White "Hydra88"]
[Black "Jeffchess"]
[Result "1/2-1/2"]
[ICCResult "Black stalemated"]
[WhiteElo "1498"]
[BlackElo "1415"]
[Opening "Lengfellner system"]
[ECO "C01"]
[NIC "FR.01"]
[Time "13:44:44"]
[TimeControl "1500+10"]

1. e4 e6 2. d4 d6 3. Nf3 c6 4. Nc3 h6 5. Bc4 a6 6. O-O Be7 7. d5 c5 8. dxe6
Bxe6 9. Bxe6 fxe6 10. b3 e5 11. Qd5 Nc6 12. Ne2 Nf6 13. Qd3 O-O 14. c4 Nb4
15. Qb1 Qd7 16. Ba3 Nc6 17. Nd2 b5 18. f3 b4 19. Bc1 Qe6 20. Rf2 Rf7 21. Nf1
Raf8 22. h3 Nh5 23. Nh2 Bh4 24. Rf1 Nd4 25. Nxd4 exd4 26. Qc2 Qe5 27. Ng4
Qg3 28. Qe2 Nf6 29. Qf2 Nxe4 30. Qxg3 Nxg3 31. Rd1 h5 32. Nf2 Ne2+ 33. Kf1
Nxc1 34. Raxc1 Bxf2 35. Kxf2 Re7 36. Re1 Rfe8 37. Rxe7 Rxe7 38. Re1 Rxe1 39.
Kxe1 Kf7 40. Ke2 Kf6 41. g3 Kf5 42. h4 Ke5 43. Kd3 Kf5 44. Ke2 Ke5 45. Kd3
d5 46. cxd5 Kxd5 47. g4 hxg4 48. fxg4 Ke5 49. g5 a5 50. h5 Kf5 51. h6 Kg6
52. hxg7 Kxg7 53. Ke4 Kg6 54. Kf4 Kg7 55. Ke4 Kf7 56. Kf4 Kg6 57. Ke4 Kxg5
58. Kd3 Kf4 59. Kd2 Ke4 60. Ke2 d3+ 61. Kd2 Kd4 62. Kd1 Kc3 63. Kc1 c4 64.
bxc4 Kxc4 65. Kd2 b3 66. axb3+ Kxb3 67. Kxd3 a4 68. Kd2 a3 69. Kc1 Ka2 70.
Kc2 Ka1 71. Kc1 Ka2 72. Kc2 Ka1 73. Kc1 a2 74. Kc2 {Black stalemated}
1/2-1/2

[Event "ICC tourney 1910 (25 10)"]
[Site "Internet Chess Club"]
[Date "2020.07.11"]
[Round "2"]
[White "NimaiG"]
[Black "vsmukund"]
[Result "1-0"]
[ICCResult "Black resigns"]
[WhiteElo "1575"]
[BlackElo "1440"]
[Opening "French: Marshall variation"]
[ECO "C10"]
[NIC "FR.04"]
[Time "13:45:08"]
[TimeControl "1500+10"]

1. e4 e6 2. d4 d5 3. Nc3 c5 4. exd5 exd5 5. Bb5+ Nc6 6. dxc5 a6 7. Bxc6+
bxc6 8. Be3 Nf6 9. Nf3 Bg4 10. Qd2 Bxf3 11. gxf3 Qa5 12. O-O-O Bxc5 13. Rhg1
Rg8 14. Rde1 Kd7 15. Bxc5 Qxc5 16. Kb1 Rab8 17. Ne4 Nxe4 18. fxe4 g6 19.
exd5 Qxd5 20. Qe3 Rge8 21. Qa7+ Kd6 22. Rd1 Rb5 23. Rxd5+ Rxd5 24. Qxa6 Rd2
25. Qa3+ c5 26. Qc3 Rxf2 27. Qg3+ Kc6 28. Qxf2 Re7 29. b3 Kb5 30. Qf1+ Ka5
31. a4 Kb4 32. Qc4+ {Black resigns} 1-0

[Event "ICC tourney 1910 (25 10)"]
[Site "Internet Chess Club"]
[Date "2020.07.11"]
[Round "2"]
[White "jhuang3"]
[Black "IGMin2023"]
[Result "1-0"]
[ICCResult "Black checkmated"]
[WhiteElo "1476"]
[BlackElo "1403"]
[Opening "Queen's gambit declined"]
[ECO "D30"]
[NIC "QP.08"]
[Time "13:44:43"]
[TimeControl "1500+10"]

1. d4 d5 2. c4 e6 3. cxd5 exd5 4. Nf3 Nf6 5. Bg5 Nbd7 6. e3 Bb4+ 7. Nc3 O-O
8. Bd3 b6 9. O-O Bb7 10. Qc2 Qe8 11. a3 Bd6 12. Rfe1 h6 13. Bh4 Qe6 14. e4
dxe4 15. Nxe4 Nxe4 16. Bxe4 Bxe4 17. Rxe4 Qg6 18. Rae1 f6 19. Qe2 f5 20. Re6
Qf7 21. Be7 Bxe7 22. Rxe7 Qd5 23. Qc2 c5 24. dxc5 bxc5 25. Rd1 Qa2 26. Rexd7
Qe6 27. Qc3 Rf7 28. Rxf7 Qxf7 29. Qxc5 Qb3 30. Qd5+ Qxd5 31. Rxd5 Rc8 32.
Rd1 Kf7 33. Kf1 Rc2 34. Rd7+ Kf6 35. Rxa7 Rxb2 36. a4 Ra2 37. a5 Kg6 38. a6
Kh7 39. Ra8 f4 40. a7 h5 41. Ne5 Ra1+ 42. Ke2 Ra2+ 43. Kf3 Ra3+ 44. Kxf4
Ra4+ 45. Kg3 h4+ 46. Kf3 Ra3+ 47. Ke2 Ra2+ 48. Ke3 Ra3+ 49. Kd4 Ra4+ 50. Kd5
Ra5+ 51. Kd6 Ra6+ 52. Kc7 Ra1 53. Nc6 h3 54. gxh3 g5 55. Rd8 g4 56. hxg4 Kh6
57. a8=Q Rxa8 58. Rxa8 Kg5 59. Ne5 Kf4 60. h4 Kxe5 61. h5 Kf6 62. h6 Kg6 63.
g5 Kh7 64. f4 Kg6 65. f5+ Kh7 66. f6 Kg6 67. f7 Kh7 68. f8=Q Kg6 69. Qf6+
Kh5 70. g6 Kxh6 71. g7+ Kh5 72. Ra5+ Kg4 73. Qd4+ Kf3 74. Ra3+ Ke2 75. Qb2+
Kd1 76. Ra1# {Black checkmated} 1-0

[Event "ICC tourney 1910 (25 10)"]
[Site "Internet Chess Club"]
[Date "2020.07.11"]
[Round "2"]
[White "RobloxMadCity"]
[Black "EthanDember"]
[Result "1-0"]
[ICCResult "Black resigns"]
[WhiteElo "1482"]
[BlackElo "1249"]
[Opening "Sicilian: closed"]
[ECO "B23"]
[NIC "SI.44"]
[Time "13:45:36"]
[TimeControl "1500+10"]

1. e4 c5 2. Nc3 e6 3. f4 Nc6 4. Nf3 a6 5. d4 cxd4 6. Nxd4 d6 7. Be3 Bd7 8.
Be2 Be7 9. O-O Nf6 10. Qd2 O-O 11. Rad1 Qc7 12. Bd3 b5 13. a3 Rfb8 14. b4
Nxd4 15. Bxd4 e5 16. fxe5 dxe5 17. Be3 Bg4 18. Be2 Bxe2 19. Nxe2 Rd8 20. Qc1
Nxe4 21. Qb2 Rxd1 22. Rxd1 Rd8 23. Rf1 Bf6 24. h3 Qc4 25. c3 Nd2 26. Bxd2
Qxe2 27. Rf2 Qd1+ 28. Kh2 Bh4 29. g3 Bf6 30. Qa2 h6 31. Be3 Qe1 32. Re2 Qf1
33. Rf2 Qe1 34. Re2 Qxc3 35. Bc5 Rd1 36. Qc2 Qxa3 37. Qxd1 {Black resigns}
1-0

[Event "ICC tourney 1910 (25 10)"]
[Site "Internet Chess Club"]
[Date "2020.07.11"]
[Round "2"]
[White "Daniel20180828"]
[Black "wildrumpus"]
[Result "1-0"]
[ICCResult "Black resigns"]
[WhiteElo "1432"]
[BlackElo "1516"]
[Opening "Queen's pawn game"]
[ECO "A46"]
[NIC "QP.05"]
[Time "13:45:36"]
[TimeControl "1500+10"]

1. d4 Nf6 2. Nf3 e6 3. Bf4 c5 4. c3 b6 5. e3 Nc6 6. Be2 Be7 7. O-O O-O 8.
Nbd2 Bb7 9. dxc5 Bxc5 10. Nb3 Be7 11. Qc2 Rc8 12. Rfd1 d5 13. Bg3 Nh5 14. a3
Nxg3 15. hxg3 Qc7 16. Bd3 g6 17. Rac1 e5 18. Be2 e4 19. Ne1 Rfd8 20. Qb1 Ne5
21. Rd2 Nc4 22. Bxc4 Qxc4 23. Nd4 Bf6 24. Rcd1 Rd7 25. Ndc2 Ba6 26. Nb4 Bb5
27. Nxd5 Bg7 28. Nf6+ Bxf6 29. Rxd7 Qf1+ 30. Kh2 Qxf2 31. R7d2 Qxe3 32. Qc1
Rc5 33. Rd8+ Bxd8 34. Qxe3 Rh5+ 35. Kg1 Bg5 36. Qxe4 Kf8 37. Nc2 Be7 38. Nd4
Bc5 39. b4 f5 40. Qa8+ Be8 41. bxc5 bxc5 42. Nf3 {Black resigns} 1-0

[Event "ICC tourney 1910 (25 10)"]
[Site "Internet Chess Club"]
[Date "2020.07.11"]
[Round "2"]
[White "TheOrcaPro"]
[Black "Eleyn"]
[Result "0-1"]
[ICCResult "White resigns"]
[WhiteElo "1576"]
[BlackElo "1549"]
[Opening "two knights defense: Fritz variation"]
[ECO "C57"]
[NIC "KP.01"]
[Time "13:45:36"]
[TimeControl "1500+10"]

1. e4 e5 2. Nf3 Nc6 3. Bc4 Nf6 4. Ng5 d5 5. exd5 Nd4 6. c3 Nf5 7. Qb3 Nd6 8.
O-O Nxc4 9. Qxc4 Qxd5 10. Qxd5 Nxd5 11. Re1 f6 12. Nf3 Bg4 13. d4 Bxf3 14.
gxf3 Bd6 15. dxe5 fxe5 16. f4 O-O 17. fxe5 Bc5 18. Re2 Rf5 19. Nd2 Nf4 20.
Re4 Nd3 21. Nb3 Bxf2+ 22. Kg2 Bb6 23. e6 Re8 24. Nd4 Rf6 25. e7 Kf7 26. Re3
Nf4+ 27. Kg3 Nd5 28. Re5 Nxe7 29. Kh3 Bxd4 30. cxd4 Nc6 31. Rd5 Rd6 32. Rf5+
Kg8 33. d5 Nd4 34. Rg5 Re1 35. Rg4 Rxd5 36. b3 Nc2 37. Rb1 Rdd1 38. Rh4 Rxc1
39. Rb2 Ne3 40. Rd2 Nf5 41. Rf4 g6 42. Rd7 Rc3+ 43. Kg2 Re2+ 44. Kf1 Rxa2
45. Rd1 Ne3+ {White resigns} 0-1